 Dungeon Crawl Stone Soup version 0.14-a0-445-g388476e (webtiles) character file.

888 4tharraofdagon the Firebug (level 7, 0/36 HPs)
             Began as a Deep Elf Fire Elementalist on Oct 29, 2013.
             Shot with an arrow of frost by a centaur (19 damage)
             ... on Level 5 of the Dungeon.
             The game lasted 00:09:02 (1324 turns).

4tharraofdagon the Firebug (DEFE)                   Turns: 1324, Time: 00:09:03

HP   0/36        AC  2     Str  5      XL: 7   Next: 53%
MP   9/21        EV 13     Int 22      God:
Gold 115         SH  0     Dex 15      Spells:  4 memorised,  3 levels left

Res.Fire  : . . .   See Invis. : .   p - +0 dire flail
Res.Cold  : . . .   Warding    : .   a - +0 elf robe
Life Prot.: . . .   Conserve   : .   (no shield)
Res.Poison: .       Res.Corr.  : .   (no helmet)
Res.Elec. : .       Clarity    : .   (no cloak)
Sust.Abil.: . .     Spirit.Shd : .   (no gloves)
Res.Mut.  : .       Stasis     : .   (no boots)
Res.Rott. : .       Flight     : .   (no amulet)
Saprovore : . . .                    (no ring)
                                     (no ring)

@: slightly resistant to hostile enchantments, fairly stealthy
A: no striking features
a: no special abilities


You were on level 5 of the Dungeon.
You were not hungry.

You visited 1 branch of the dungeon, and saw 7 of its levels.

You collected 95 gold pieces.

Inventory:

Hand weapons
 l - a +0,+1 orcish flail
 p - a +0,+0 dire flail (weapon)
Missiles
 e - 3 exploding darts (quivered)
 o - 2 needles of confusion
Armour
 a - a +0 elven robe (worn)
Magical devices
 f - a wand of slowing (5)
Comestibles
 c - 4 bread rations
 h - an apple
 u - a chunk of worker ant flesh
Scrolls
 d - 3 scrolls of amnesia {unknown}
 g - a scroll of teleportation {unknown}
 j - a scroll of fear {unknown}
 k - a scroll of magic mapping {unknown}
 m - 4 scrolls of random uselessness {unknown}
 r - 2 scrolls of remove curse {unknown}
 s - a scroll of noise {unknown}
 t - a scroll of identify {unknown}
Jewellery
 q - an uncursed amulet of resist mutation {unknown}
Potions
 n - a potion of curing
Books
 b - a book of Flames

   Spells                             Type                      Level
   *Flame Tongue                      Conjuration/Fire             1
   Throw Flame                        Conjuration/Fire             2
   *Conjure Flame                     Conjuration/Fire             3
   Inner Flame                        Hexes/Fire                   3
   *Sticky Flame                      Conjuration/Fire             4
   *Fireball                          Conjuration/Fire             5
 i - a book of Enchantments

   Spells                             Type                      Level
   Cause Fear                         Hexes                        4
   Silence                            Hexes/Air                    5
   Tukima's Dance                     Hexes                        5
   Deflect Missiles                   Charms/Air                   6
   Haste                              Charms                       6
   Discord                            Hexes                        8


   Skills:
 - Level 2.4 Dodging
 - Level 2.4 Stealth
 + Level 5.0 Spellcasting
 * Level 5.8 Conjurations
 * Level 6.6 Fire Magic


You had 3 spell levels left.
You knew the following spells:

 Your Spells              Type           Power        Failure   Level  Hunger
a - Flame Tongue          Conj/Fire      ####.        1%          1    None
b - Conjure Flame         Conj/Fire      ####....     1%          3    ##.....
c - Sticky Flame          Conj/Fire      ####....     10%         4    ####...
d - Fireball              Conj/Fire      ####......   21%         5    #####..


Dungeon Overview and Level Annotations

Branches:
Dungeon (7/27)
 Temple: D:4-7          Orc: D:6-11

Altars:
Fedhas
Nemelex Xobeh
Xom

Shops:
D:7 (


Message History

Found 7 poisoned bolts.
Casting: Flame Tongue
Confirm with . or Enter, or press ? or * to list all spells.
Aiming: Conjure Flame
Press: ? - help, Dir - move target cursor The fire roars!
The ooze quivers.
You see here 7 poisoned bolts.
You hit the ooze.
The ooze is lightly wounded.
The ooze is engulfed in roaring flames.
You kill the ooze!
Found a scroll labeled TWEICI TOHAGH.
Found 13 gold pieces.
A centaur comes into view.
The centaur shouts!
The centaur wields a bow.
The centaur shoots an arrow of frost.
The arrow of frost hits you!
Ouch! That really hurt!
You die...

#
#........####.####.#
# #.....##.##.....##
#
#.######.#.......#.#
# #.# #..#.......#.#
# ### #.....(_.....#
# #..#..ยง....#.# #
#..#.......#.# ##
#..##.....## .#
..####@### ##
#.........c...# #
##..#.........# # #.
..?######### # .$..
# ..... # ... # ..


You could see a centaur.

Vanquished Creatures
  Grinder (D:4)
  Edmund (D:6)
  An ogre (D:5)
  Sigmund (D:5)
  3 hounds
  A centaur skeleton (D:4)
  A worker ant (D:5)
  A scorpion (D:5)
  Jessica (D:2)
  A hound skeleton (D:4)
  A worker ant zombie (D:5)
  4 adders
  A worm (D:4)
  An adder skeleton (D:4)
  2 giant geckos (D:6)
  An ooze (D:5)
  2 orcs
  A goblin (D:2)
  A hobgoblin (D:4)
  A jackal (D:5)
  8 kobolds
  2 quokkas
  3 bats
  A giant newt skeleton (D:4)
  A rat (D:4)
42 creatures vanquished.

Notes
Turn   | Place    | Note
--------------------------------------------------------------
     0 | D:1      | 4tharraofdagon, the Deep Elf Fire Elementalist, began the quest for the Orb.
     0 | D:1      | Reached XP level 1. HP: 10/10 MP: 4/4
    81 | D:2      | Noticed Jessica
    86 | D:2      | Killed Jessica
    86 | D:2      | Reached XP level 2. HP: 12/15 MP: 7/7
   236 | D:3      | Reached XP level 3. HP: 19/19 MP: 3/9
   241 | D:3      | Learned a level 3 spell: Conjure Flame
   273 | D:4      | Reached skill level 4 in Fire Magic
   289 | D:4      | Reached XP level 4. HP: 17/24 MP: 1/12
   423 | D:5      | Entered Level 5 of the Dungeon
   465 | D:5      | Found a sparkling altar of Nemelex Xobeh.
   561 | D:7      | Found Soifuxosy's Weapon Shop.
   589 | D:7      | Noticed a giant frog
   679 | D:5      | Noticed Sigmund
   691 | D:5      | Killed Sigmund
   691 | D:5      | Reached skill level 5 in Fire Magic
   691 | D:5      | Reached XP level 5. HP: 28/28 MP: 9/16
   716 | D:5      | Noticed an ogre
   732 | D:5      | Killed an ogre
   732 | D:5      | Reached XP level 6. HP: 32/32 MP: 5/18
   740 | D:5      | Learned a level 4 spell: Sticky Flame
   820 | D:6      | Noticed Edmund
   829 | D:6      | Killed Edmund
  1037 | D:4      | Noticed Grinder
  1063 | D:4      | Killed Grinder
  1063 | D:4      | Reached skill level 5 in Conjurations
  1063 | D:4      | Reached skill level 6 in Fire Magic
  1063 | D:4      | Reached XP level 7. HP: 22/36 MP: 11/21
  1128 | D:4      | Learned a level 5 spell: Fireball
  1128 | D:4      | Found a shimmering altar of Xom.
  1284 | D:5      | Reached skill level 5 in Spellcasting
  1313 | D:5      | Found a blossoming altar of Fedhas.
  1324 | D:5      | Noticed a centaur
  1324 | D:5      | Shot with an arrow of frost by a centaur

Action                   |  1- 3 |  4- 6 |  7- 9 || total
-------------------------+-------+-------+-------++-------
Melee: Flail             |       |     3 |       ||     3
       Dire flail        |       |    12 |     3 ||    15
Throw: Dart              |     5 |       |       ||     5
 Cast: Flame Tongue      |    12 |    50 |    18 ||    80
       Conjure Flame     |       |     7 |     2 ||     9
       Sticky Flame      |       |     2 |     1 ||     3
Evoke: Wand              |     1 |       |       ||     1
  Use: Potion            |     2 |     3 |     1 ||     6
